 Dungeon Crawl Stone Soup version 0.20.1-1-g8b1a95d66d (webtiles) character file.

227 Giltor the Sneak (level 5, -2/25 HPs)
             Began as a Spriggan Enchanter on Dec 16, 2017.
             Slain by a river rat (9 damage)
             ... on level 4 of the Dungeon.
             The game lasted 00:30:28 (3598 turns).

Giltor the Sneak (Spriggan Enchanter)               Turns: 3598, Time: 00:30:29

Health: -2/25      AC:  2    Str:  5    XL:     5   Next: 70%
Magic:  10/10      EV: 18    Int: 16    God:
Gold:   172        SH:  0    Dex: 17    Spells: 1/10 levels left

rFire    . . .     SeeInvis +   o - +1 dagger (elec)
rCold    + . .     Gourm    .   (shield restricted)
rNeg     . . .     Faith    .   r - +0 robe {rC+}
rPois    .         Spirit   .   (helmet restricted)
rElec    .         Reflect  .   (no cloak)
rCorr    .         Harm     .   (gloves unavailable)
MR       .....                  (boots unavailable)
Stlth    ++........             (no amulet)
Regen    0.1/turn               (no ring)
MPRegen  0.2/turn               (no ring)

@: slow
A: unfitting armour, see invisible, herbivore 3, speed 3, slow metabolism 2
a: no special abilities


You were on level 4 of the Dungeon.
You were very full.

You visited 1 branch of the dungeon, and saw 4 of its levels.

You collected 172 gold pieces.

Inventory:

Hand Weapons
 a - a +1 dagger
 n - a +0 blowgun
 o - a +1 dagger of electrocution (weapon)
Missiles
 p - 13 poisoned needles
Armour
 b - a +0 robe
 r - a +0 robe of cold resistance (worn)
Scrolls
 f - 3 scrolls of amnesia
Potions
 e - a potion of brilliance
 h - 2 potions of might
 i - 2 potions of invisibility
 l - a potion of ambrosia {unknown}
 m - a potion of curing {unknown}
 s - 2 potions of agility {unknown}
Books
 c - a book of Maledictions

   Spells                             Type                      Level
   a - Corona                         Hexes                        1
   b - Ensorcelled Hibernation        Hexes/Ice                    2
   c - Confuse                        Hexes                        3
   d - Tukima's Dance                 Hexes                        3
   e - Dazzling Spray                 Conjuration/Hexes            3
Comestibles
 d - 3 bread rations
 k - a royal jelly


   Skills:
 - Level 1.0 Fighting
 - Level 2.1 Short Blades
 - Level 2.2 Throwing
 - Level 3.0 Dodging
 - Level 6.0 Stealth
 - Level 3.0 Spellcasting
 * Level 5.5 Hexes


You had one spell level left.
You knew the following spells:

 Your Spells              Type           Power        Failure   Level  Hunger
a - Corona                Hex            ###....      1%          1    #......
b - Ensorcelled Hibernat  Hex/Ice        ##....       9%          2    ##.....
c - Confuse               Hex            ###.....     5%          3    ###....
d - Tukima's Dance        Hex            ###.....     5%          3    ###....


Dungeon Overview and Level Annotations

Branches:
Dungeon (4/15)             Temple (0/1) D:4

Altars:
Elyvilon


Innate Abilities, Weirdness & Mutations

You are very small and have problems with some larger weapons.
You are too small for most types of armour.
You have supernaturally acute eyesight. (SInv)
You are a herbivore.
You cover ground extremely quickly.
You need consume almost no food.


Message History

The jackal moves out of view.
There is a stone staircase leading down here.
You climb downwards.
You hear the sound of rushing water.
There is an entrance to a sewer on this level.
Hurry and find it before the portal rusts away!
You hear the slow rusting of a drain nearby.
The orc shouts! x2
There is a stone staircase leading up here.
You open the door.
A rat, a river rat, a worm and a giant cockroach come into view.
Found 16 arrows.
There is an open door here.
You enter the shallow water.
Moving in this stuff is going to be slow.
The river rat bites you. The river rat closely misses you. The rat bites you.
* * * LOW HITPOINT WARNING * * *
The river rat barely misses you. The rat closely misses you.
The river rat bites you!
You die...

#..........[.#,,,,,
#.......<....#,,,,,
#............#,,,,,
#............#,,,,,
#.o..##....###,,,**
###.....###+##**,,,**
##..o.........*,,,,,,*
##..####.###...+,,,,,,*
#.'##≈@###≈*,..#,,,,,,+
#.#owrr≈≈+≈*,,.#,,,,,,*
#.#≈≈≈s≈≈+∩*,,,#,,,,,,*
#(+##≈≈###≈*,,***,,,***
##,,####,***,,***,,,***
**,,,,,,,,,,,,*,,,,*,,
***,,,,,,,,,,*,,,,*,,
*,,,,,*,,,,*,,,,*,,
*,,,,,+,,,,*,,,,*,,


You could see a worm, a river rat, an orc, a giant cockroach (sleeping) and a
rat.

Vanquished Creatures
  2 orc priests (D:3)
  2 orc wizards
  4 adders
  An ooze (D:3)
  An adder skeleton (D:3)
  3 dart slugs (D:1)
  3 leopard geckos
  5 orcs
  4 bats (D:1)
  2 giant cockroaches (D:1)
  8 hobgoblins
  4 jackals
  10 kobolds
  2 quokkas
  A frilled lizard (D:1)
  2 goblins (D:1)
  7 rats
61 creatures vanquished.

Notes
Turn   | Place    | Note
-------+----------+-------------------------------------------
     0 | D:1      | Giltor the Spriggan Enchanter began the quest for the Orb.
     0 | D:1      | Reached XP level 1. HP: 9/9 MP: 5/5
   126 | D:1      | Reached XP level 2. HP: 13/13 MP: 4/6
   130 | D:1      | Learned a level 2 spell: Ensorcelled Hibernation
   951 | D:1      | Reached XP level 3. HP: 16/16 MP: 5/8
   984 | D:1      | Learned a level 3 spell: Confuse
   990 | D:1      | Reached skill level 5 in Stealth
  1806 | D:2      | Found a white marble altar of Elyvilon.
  1844 | D:2      | Reached XP level 4. HP: 21/21 MP: 2/9
  1937 | D:2      | Reached skill level 5 in Hexes
  2085 | D:3      | HP: 1/21 [orc priest/divine providence (12)]
  2389 | D:2      | Reached skill level 6 in Stealth
  2443 | D:3      | Learned a level 3 spell: Tukima's Dance
  2842 | D:3      | Reached skill level 1 in Fighting
  3120 | D:3      | Reached XP level 5. HP: 25/25 MP: 3/10
  3122 | D:3      | Reached skill level 1 in Throwing
  3371 | D:3      | Found a faded altar of an unknown god.
  3598 | D:4      | Slain by a river rat

Skill      XL: |  1  2  3  4  5 |
---------------+----------------+-----
Short Blades   | 2 |  2.1
Hexes          | 4 5 |  5.5
Spellcasting   | 3 |  3.0
Stealth        | 5 6 |  6.0
Fighting       | 1 |  1.0
Throwing       | 2 |  2.2
Dodging        | |  3.0

Action                   |  1- 3 |  4- 6 || total
-------------------------+-------+-------++-------
Melee: Dagger            |    82 |    60 ||   142
 Cast: Corona            |     6 |       ||     6
       Ensorcelled Hiber |    20 |       ||    20
       Confuse           |     6 |    19 ||    25
       Tukima's Dance    |       |     1 ||     1
  Use: Scroll            |     4 |     5 ||     9
 Stab: Sleeping          |    24 |     5 ||    29
       Confused          |     3 |     8 ||    11
       Distracted        |     1 |       ||     1
  Eat: Fruit             |     3 |       ||     3
       Royal jelly       |     1 |       ||     1
       Bread ration      |       |     1 ||     1
Armor: Robe              |    13 |     1 ||    14
Dodge: Dodged            |    82 |    37 ||   119
